 Dungeon Crawl Stone Soup version 0.30-a0-4-ga7cffc901d (webtiles) character file.

Game seed: 11966872372087735036

45 Setbun the Sneak (level 3, -1/21 HPs)
             Began as a Kobold Brigand on Aug 21, 2022.
             Slain by an orc
             ... wielding a +0 hand axe
              (3 damage)
             ... on level 2 of the Dungeon.
             The game lasted 00:02:01 (2086 turns).

Setbun the Sneak (Kobold Brigand)                   Turns: 2086, Time: 00:02:02

Health: -1/21      AC:  3    Str: 14    XL:     3   Next: 90%
Magic:  3/3        EV: 14    Int: 12    God:
Gold:   28         SH:  0    Dex: 18    Spells: 2/2 levels left

rFire   . . .      SeeInvis .    r - +0 short sword (venom)
rCold   . . .      Faith    .    (no shield)
rNeg    . . .      Spirit   .    b - +0 robe
rPois   .          Reflect  .    (no helmet)
rElec   .          Harm     .    c - +0 cloak
rCorr   .          Rampage  .    (no gloves)
Will    .....                    (no boots)
Stlth   ++++......               (no amulet)
HPRegen 0.07/turn                j - +6 ring of strength
MPRegen 0.08/turn                (no ring)

@: no status effects
A: small, no large weapons, nightstalker 3
a: no special abilities


You were on level 2 of the Dungeon.
You visited 1 branch of the dungeon, and saw 3 of its levels.

You collected 28 gold pieces.

Inventory:

Hand Weapons
 a - a +2 dagger
 r - a +0 short sword of venom (weapon)
Missiles
 d - 11 poisoned darts (quivered)
 e - 3 curare-tipped darts
Armour
 b - a +0 robe (worn)
 c - a +0 cloak (worn)
Jewellery
 j - a +6 ring of strength (left hand)
Wands
 t - a wand of flame (15)
Scrolls
 g - a scroll of enchant armour {unknown}
 i - a scroll of acquirement {unknown}
 k - a scroll of silence {unknown}
 l - a scroll of magic mapping {unknown}
 q - a scroll of immolation {unknown}
Potions
 f - a potion of resistance {unknown}
 h - 2 potions of lignification {unknown}
 m - a potion of might {unknown}
 n - a potion of degeneration {unknown}
 o - a potion of curing {unknown}
 p - a potion of ambrosia {unknown}
 s - a potion of flight {unknown}


   Skills:
 - Level 2.1 Fighting
 * Level 5.2 Short Blades
 - Level 2.1 Throwing
 - Level 1.2 Dodging
 - Level 5.3 Stealth


You had 2 spell levels left.
You didn't know any spells.
Your spell library contained the following spells:

 Spells                   Type           Power      Damage    Failure   Level
 Apportation              Tloc           0%         N/A       32%         1
 Magic Dart               Conj           0%         1d3       32%         1
 Necrotise                Necr           0%         1d4       32%         1
 Summon Small Mammal      Summ           0%         N/A       32%         1
 Searing Ray              Conj           0%         2d4       45%         2
 Fulminant Prism          Conj/Hex       0%         3d6       97%         4


Dungeon Overview and Level Annotations

Branches:
Dungeon (3/15)

Altars:

Shops:
D:1 =


Innate Abilities, Weirdness & Mutations

You are small and have problems with some larger weapons.
You are completely attuned to the shadows.


Message History

No target in view!
No target in view!
No target in view!
No target in view!
You start resting.
HP restored.
You climb downwards.
The orc hits you with a +0 hand axe. The orc hits you but does no damage.
The orc closely misses you. x2
There is a stone staircase leading up here.
The orc closely misses you. The orc hits you with a +0 short sword.
You climb upwards.
There is a stone staircase leading down here.
You closely miss the orc. You hit the orc.
The orc is moderately wounded.
The orc hits you but does no damage. The orc hits you with a +0 short sword.
You are too injured to fight recklessly!
You are too injured to fight recklessly!
You closely miss the orc.
The orc is moderately wounded.
The orc hits you with a +0 hand axe.
* * * LOW HITPOINT WARNING * * *
The orc hits you with a +0 short sword.
* * * LOW HITPOINT WARNING * * *
You hit the orc.
The orc is poisoned.
The orc is severely wounded.
The orc misses you. x2
You barely miss the orc.
The orc is almost dead.
You kill the orc!
The orc misses you. The orc barely misses you.
Things that are here:
a +0 short sword; a +0 ring mail; an orc corpse You hit the orc but do no damage.
The orc is poisoned.
The orc misses you.
You closely miss the orc. You hit the orc.
The orc looks as sick as possible!
The orc is lightly wounded.
The orc hits you with a +0 hand axe.
You die...

.............#
#........#........
##....#...####
#...######........
...##.###.### #...#
#........ #####.#
#...## #..##
#........
......#####..###..#
##.......
.#####............#
######## .#
#.#####...#.)#
##### .# #.#
###..>o# #.... .###
#.# ###@.# #.###
...# #.# #..# #.#..
##.###.# #..# #.#.#
#.....# #..# #.#.#
######## #..# #.#.#
...# #..# #.#.#
##.# #..# #.#.# #.#
#..# #.#.# #.# #..#
#.#.#


You could see an orc (extremely poisoned).

Vanquished Creatures
  2 adders (D:2)
  3 orcs (D:2)
  An endoplasm (D:2)
  2 hobgoblins
  2 quokkas (D:1)
  5 ball pythons
  4 frilled lizards
  A goblin (D:1)
  3 kobolds
  3 rats (D:2)
26 creatures vanquished.

Notes
Turn   | Place    | Note
-------+----------+-------------------------------------------
     0 | D:1      | Setbun the Kobold Brigand began the quest for the Orb.
     0 | D:1      | Reached XP level 1. HP: 12/12 MP: 1/1
   173 | D:1      | Noticed a floating eye
   174 | D:1      | Found a faded altar of an unknown god.
   174 | D:1      | Noticed a shining eye
   301 | D:1      | Reached XP level 2. HP: 17/17 MP: 2/2
   369 | D:1      | Found Pyzus's Jewellery Emporium.
   533 | D:1      | Noticed a floating eye
   539 | D:1      | Noticed an eye of devastation
   679 | D:2      | Reached XP level 3. HP: 7/21 MP: 3/3
   683 | D:2      | HP: 1/21 [poisoned by an adder]
  1691 | D:2      | Reached skill level 5 in Short Blades
  2086 | D:2      | Slain by an orc

Illustrated notes

Levels and vault maps discovered:
D:1:      reono_arrival_mine, layout_basic,
          hellmonk_ecumenical_altar_watching_god, serial_shops,
          nicolae_shop_advertising_works [nicolae_subvault_shop_adworks]
D:2:      layout_basic
D:3:      layout_basic, mainiacjoe_overflow_chevrons,
          lemuel_coloured_pillars_altar, gammafunk_ghost_stat_death

Skill      XL: |  1  2  3 |
---------------+----------+-----
Short Blades   | 3 4 5 |  5.2
Fighting       | |  2.1
Throwing       | |  2.1
Dodging        | |  1.2
Stealth        | |  5.3

Action                   || total
-------------------------++-------
Melee: Dagger            ||    24
       Short sword       ||    28
 Stab: Sleeping          ||    17
       Distracted        ||     1
Armor: Robe              ||     7
Dodge: Dodged            ||    22

Table legend: (Time is in decaauts)
 A = Elapsed time spent in this place.
 B = Non-inter-level travel time spent in this place.
 C = Inter-level travel time spent in this place.
 D = Time resting spent in this place.
 E = Time spent auto-exploring this place.
 F = Levels seen in this place.
 G = Mean time per level.
                   A        B        C        D        E       F      G
               +--------+--------+--------+--------+--------+-----+--------+
         Total |   2079 |   1997 |     82 |    313 |   1499 |   3 |  693.0 |
       Dungeon |   2079 |   1997 |     82 |    313 |   1499 |   3 |  693.0 |
               +--------+--------+--------+--------+--------+-----+--------+

Top non-repeatable levels by time:
     D:2: 1455 daAuts
     D:1: 610 daAuts
     D:3: 13 daAuts
